 Dungeon Crawl Stone Soup version 0.21.1-1-g345015f (webtiles) character file.

12030 theblackcape the Cruncher (level 11, 0/86 HPs)
             Began as a Gnoll Wanderer on June 14, 2018.
             Was a High Priest of Cheibriados.
             Slain by a two-headed ogre
             ... wielding a +0 giant club
              (11 damage)
             ... on level 11 of the Dungeon on June 18, 2018.
             The game lasted 01:07:03 (12545 turns).

theblackcape the Cruncher (Gnoll Wanderer)         Turns: 12545, Time: 01:07:04

Health: 0/86       AC: 21    Str: 30 (31) XL:     11   Next: 87%
Magic:  21/21      EV: 19    Int: 24 (27) God:    Cheibriados [*****.]
Gold:   403        SH:  0    Dex: 27 (28) Spells: 13/24 levels left

rFire    . . .     SeeInvis .   M - +2 quarterstaff (protect)
rCold    . . .     Gourm    .   (shield currently unavailable)
rNeg     . . .     Faith    .   X - +0 steam dragon scales
rPois    .         Spirit   .   I - +0 helmet
rElec    .         Reflect  .   v - +0 cloak
rCorr    .         Harm     .   B - +1 pair of gloves
MR       .....                  o - +2 pair of boots
Stlth    ++++++....             w - amulet of regeneration
HPRegen  0.64/turn              i - ring of stealth
MPRegen  0.17/turn              Q - ring of stealth

@: protection aura, very slow
A: distributed training, fangs 1, strong nose
a: Bend Time, Temporal Distortion, Slouch, Step From Time, Renounce Religion


You were on level 11 of the Dungeon.
You worshipped Cheibriados.
Cheibriados was extremely pleased with you.
You were not hungry.

You visited 2 branches of the dungeon, and saw 12 of its levels.

You collected 597 gold pieces.
You spent 194 gold pieces at shops.

Inventory:

Hand Weapons
 x - a +2 scimitar of flaming
 J - a +0 blowgun
 K - a +1 hunting sling of freezing
 L - a +3 battleaxe
 M - a +2 quarterstaff of protection (weapon)
 Y - a +2 dagger of electrocution
Missiles
 h - 3 throwing nets
 D - 212 stones (quivered)
 S - 62 poisoned needles
Armour
 o - a +2 pair of boots (worn)
 r - a +0 shield
 v - a +0 cloak (worn)
 B - a +1 pair of gloves (worn)
 I - a +0 helmet (worn)
 X - +0 steam dragon scales (worn)
Jewellery
 i - a ring of stealth (left hand)
 q - an uncursed ring of flight
 w - an amulet of regeneration (around neck)
 P - an uncursed amulet of magic regeneration
 Q - a ring of stealth (right hand)
Wands
 b - a wand of disintegration (5)
 d - a wand of polymorph (23)
 e - a wand of flame (4)
 F - a wand of paralysis (7)
 H - a wand of enslavement (5)
 V - a wand of iceblast (7)
Scrolls
 k - 3 scrolls of teleportation {unknown}
 m - 8 scrolls of remove curse
 p - 3 scrolls of enchant armour {unknown}
 u - 5 scrolls of magic mapping {unknown}
 y - 2 scrolls of fog {unknown}
 E - 2 scrolls of blinking {unknown}
 N - 5 scrolls of identify
 W - 4 scrolls of amnesia {unknown}
Potions
 c - 3 potions of curing
 g - a potion of resistance {unknown}
 j - 3 potions of degeneration
 l - 2 potions of invisibility {unknown}
 n - 2 potions of might {unknown}
 s - a potion of mutation {unknown}
 t - a potion of berserk rage {unknown}
 z - 2 potions of magic
 A - 4 potions of lignification {unknown}
 C - a potion of ambrosia {unknown}
 O - 3 potions of brilliance {unknown}
 R - a potion of agility {unknown}
 T - a potion of experience {unknown}
Books
 G - a book of Misfortune

   Spells                             Type                      Level
   a - Confusing Touch                Hexes                        1
   b - Confuse                        Hexes                        3
   c - Gell's Gravitas                Translocation                3
   d - Petrify                        Transmutation/Earth          4
   e - Metabolic Englaciation         Hexes/Ice                    5
   f - Yara's Violent Unravelling     Hexes/Transmutation          5
Miscellaneous
 a - a box of beasts
Comestibles
 f - 12 rations
 U - 9 chunks of flesh


   Skills:
 + Level 8.1 Fighting
 + Level 6.6 Short Blades
 + Level 6.6 Long Blades
 + Level 6.6 Axes
 + Level 6.6 Maces & Flails
 + Level 6.6 Polearms
 + Level 8.1 Staves
 + Level 6.6 Slings
 + Level 6.6 Bows
 + Level 6.6 Crossbows
 + Level 6.6 Throwing
 + Level 6.6 Armour
 + Level 7.1 Dodging
 + Level 6.6 Stealth
 + Level 7.1 Shields
 + Level 6.6 Unarmed Combat
 + Level 7.2 Spellcasting
 + Level 5.4 Conjurations
 + Level 5.4 Hexes
 + Level 5.4 Charms
 + Level 5.4 Summonings
 + Level 5.4 Necromancy
 + Level 5.4 Translocations
 + Level 5.4 Transmutations
 + Level 5.9 Fire Magic
 + Level 5.9 Ice Magic
 + Level 5.4 Air Magic
 + Level 5.4 Earth Magic
 + Level 5.4 Poison Magic
 + Level 7.2 Invocations
 + Level 7.1 Evocations


You had 13 spell levels left.
You knew the following spells:

 Your Spells              Type           Power        Failure   Level  Hunger
a - Sting                 Conj/Pois      ####         1%          1    None
b - Confuse               Hex            ####....     2%          3    None
c - Gell's Gravitas       Tloc           ####......   2%          3    None
d - Petrify               Tmut/Erth      ####....     8%          4    ###....


Dungeon Overview and Level Annotations

Branches:
Dungeon (11/15)            Temple (1/1) D:6            Lair (0/6) D:11
    Orc: D:9-12

Altars:
Ashenzari
Cheibriados
Dithmenos
Elyvilon
Fedhas
Gozag
Hepliaklqana
Kikubaaqudgha
Makhleb
Nemelex Xobeh
Okawaru
Qazlal
Ru
Sif Muna
Trog
Uskayaw
Vehumet
Wu Jian
Xom
Yredelemnul
Zin
The Shining One
Beogh

Shops:
D:5 !   D:6 *(


Innate Abilities, Weirdness & Mutations

Your experience applies equally to all skills.
You have very sharp teeth.
Your uncanny sense of smell can sniff out nearby items.


Message History

* * * LOW HITPOINT WARNING * * *
It was a potion of degeneration.
There was something very wrong with that liquid.
You feel weakened.
You feel dopey.
You feel clumsy. The quasit barely misses you. The quasit closely misses you.
The quasit barely misses you.
You closely miss the two-headed ogre. You bite the two-headed ogre.
The two-headed ogre is severely wounded.
The two-headed ogre closely misses you.
The two-headed ogre hits you with a giant spiked club.
* * * LOW HITPOINT WARNING * * *
The quasit misses you. The quasit barely misses you. The quasit misses you.
A black bear comes into view.
The black bear growls angrily.
You hit the two-headed ogre.
The two-headed ogre is severely wounded.
The quasit barely misses you. The quasit closely misses you.
The quasit barely misses you.
The two-headed ogre hits you with a giant club!
You die...

...PPP ####P..P.P
∆..#.P.PP.PPP
#.#$.PPP..P.
#....PPP(..P
...####...PPP..PP.
..(((((O.P.PP.PPP.P
....####@.P..PPP>PP
.....)..5÷P)P.PP.PP
#.#.####<...P...P..
#.P.P†...Pa.
#..P.P.PPP.%
#h....P.PPPP
....#...P..P.
####.#.P..PPPP
#.##.P.....


You could see a two-headed ogre, a black bear and a quasit.

Vanquished Creatures
  A two-headed ogre (D:8)
  An ugly thing (D:11)
  A gargoyle (D:11)
  A kobold demonologist (D:10)
  An efreet (D:10)
  2 trolls
  The ghost of w0lly the Cudgeler, an amateur DsBe of Trog (D:4)
  A hippogriff (D:10)
  8 yaks
  A spriggan (D:9)
  A wyvern (D:10)
  2 wraiths (D:10)
  3 steam dragons
  Grum (D:8)
  2 water moccasins
  3 porcupines
  An orc warrior (D:8)
  4 sky beasts
  A black bear (D:7)
  2 ice beasts
  A necrophage (D:5)
  3 phantoms
  11 ogres
  4 wolves
  2 centaurs (D:6)
  12 big kobolds
  A crocodile (D:10)
  5 bullfrogs
  5 scorpions
  18 killer bees
  6 wights
  A bullfrog zombie (D:10)
  3 howler monkeys
  3 crimson imps
  3 jellies
  7 hounds
  Crazy Yiuf (D:2)
  3 orc priests
  4 orc wizards
  3 bullfrog skeletons
  A centaur skeleton (D:7)
  5 iguanas
  8 worker ants
  Terence (D:2)
  2 hound skeletons
  2 worker ant zombies
  7 gnolls
  15 adders
  2 shadow imps
  3 oozes
  2 adder skeletons
  6 worms
  3 dart slugs
  5 leopard geckos
  23 orcs
  5 giant cockroaches
  4 goblins (D:2)
  9 hobgoblins
  9 jackals
  7 quokkas
  2 ball pythons (D:2)
  6 bats
  5 frilled lizards
  34 kobolds
  A leopard gecko skeleton (D:7)
  A leopard gecko zombie (D:5)
  A quokka skeleton (D:7)
  2 quokka zombies
  8 rats
313 creatures vanquished.

Vanquished Creatures (collateral kills)
  A crimson imp (D:8)
1 creature vanquished.

Vanquished Creatures (others)
  A kobold (D:9)
  7 fungi (D:11)
  A plant (D:11)
9 creatures vanquished.

Grand Total: 323 creatures vanquished

Notes
Turn   | Place    | Note
-------+----------+-------------------------------------------
     0 | D:1      | theblackcape the Gnoll Wanderer began the quest for the Orb.
     0 | D:1      | theblackcape set off with: a box of beasts, the Handbook of Venom, a potion of curing, a +0 robe, a +0 club, a ration
     0 | D:1      | Reached XP level 1. HP: 20/20 MP: 4/4
     2 | D:1      | Learned a level 1 spell: Sting
   183 | D:1      | Reached XP level 2. HP: 21/26 MP: 3/5
   969 | D:2      | Reached XP level 3. HP: 29/31 MP: 4/7
   996 | D:2      | Noticed Terence
  1033 | D:2      | Killed Terence
  1033 | D:2      | Reached skill level 1 in Invocations
  1070 | D:2      | Reached skill level 1 in Short Blades
  1070 | D:2      | Reached skill level 1 in Long Blades
  1070 | D:2      | Reached skill level 1 in Axes
  1070 | D:2      | Reached skill level 1 in Maces & Flails
  1070 | D:2      | Reached skill level 1 in Polearms
  1070 | D:2      | Reached skill level 1 in Slings
  1070 | D:2      | Reached skill level 1 in Bows
  1070 | D:2      | Reached skill level 1 in Crossbows
  1070 | D:2      | Reached skill level 1 in Throwing
  1070 | D:2      | Reached skill level 1 in Armour
  1070 | D:2      | Reached skill level 1 in Stealth
  1070 | D:2      | Reached skill level 1 in Unarmed Combat
  1070 | D:2      | Reached XP level 4. HP: 32/38 MP: 8/8
  1611 | D:2      | Found a runed door.
  1697 | D:2      | Reached skill level 1 in Conjurations
  1697 | D:2      | Reached skill level 1 in Hexes
  1697 | D:2      | Reached skill level 1 in Charms
  1697 | D:2      | Reached skill level 1 in Summonings
  1697 | D:2      | Reached skill level 1 in Necromancy
  1697 | D:2      | Reached skill level 1 in Translocations
  1697 | D:2      | Reached skill level 1 in Transmutations
  1697 | D:2      | Reached skill level 1 in Air Magic
  1697 | D:2      | Reached skill level 1 in Earth Magic
  1697 | D:2      | Reached skill level 1 in Poison Magic
  1698 | D:2      | Identified the Handbook of Venom
  1827 | D:2      | Reached XP level 5. HP: 42/43 MP: 1/9
  2010 | D:2      | Noticed Crazy Yiuf
  2018 | D:2      | Killed Crazy Yiuf
  2228 | D:3      | Found a faded altar of an unknown god.
  2618 | D:3      | Found a roughly hewn altar of Beogh.
  3057 | D:3      | Reached XP level 6. HP: 49/50 MP: 0/10
  3375 | D:4      | Noticed w0lly's ghost (amateur DsBe)
  3388 | D:4      | Killed w0lly's ghost
  3388 | D:4      | Reached skill level 5 in Fighting
  3388 | D:4      | Reached skill level 5 in Staves
  3388 | D:4      | Reached XP level 7. HP: 54/56 MP: 12/12
  3958 | D:4      | Paralysed by a big kobold for 4 turns
  3962 | D:4      | Reached XP level 8. HP: 63/63 MP: 8/14
  3971 | D:4      | Learned a level 3 spell: Confuse
  3975 | D:4      | Learned a level 3 spell: Gell's Gravitas
  3980 | D:4      | Learned a level 4 spell: Petrify
  4029 | D:5      | Entered Level 5 of the Dungeon
  4329 | D:5      | Found Tijorgh's Distillery.
  4444 | D:5      | Bought a potion of magic for 88 gold pieces
  5127 | D:6      | Found Baenal's Elemental Accessories.
  5229 | D:6      | Reached XP level 9. HP: 69/69 MP: 14/16
  5324 | D:6      | Found Teno's Weapon Boutique.
  5329 | D:6      | Bought a +1 hunting sling of freezing for 106 gold pieces
  5331 | D:6      | Noticed a troll
  5341 | D:6      | HP: 2/69 [troll (18)]
  5343 | D:6      | Killed a troll
  5513 | D:6      | Reached skill level 5 in Spellcasting
  5624 | D:6      | Reached skill level 5 in Dodging
  5624 | D:6      | Reached skill level 5 in Shields
  5624 | D:6      | Reached skill level 5 in Evocations
  5953 | D:6      | Found a staircase to the Ecumenical Temple.
  5962 | Temple   | Entered the Ecumenical Temple
  6166 | Temple   | Became a worshipper of Cheibriados the Contemplative
  7396 | D:7      | Reached skill level 5 in Invocations
  7881 | D:8      | Reached * piety under Cheibriados
  7986 | D:7      | Reached XP level 10. HP: 42/77 MP: 18/18
  8150 | D:8      | Noticed a two-headed ogre
  8357 | D:8      | Noticed Grum
  8816 | D:7      | Reached ** piety under Cheibriados
  9176 | D:7      | Reached skill level 5 in Short Blades
  9176 | D:7      | Reached skill level 5 in Long Blades
  9176 | D:7      | Reached skill level 5 in Axes
  9176 | D:7      | Reached skill level 5 in Maces & Flails
  9176 | D:7      | Reached skill level 5 in Polearms
  9176 | D:7      | Reached skill level 5 in Slings
  9176 | D:7      | Reached skill level 5 in Bows
  9176 | D:7      | Reached skill level 5 in Crossbows
  9176 | D:7      | Reached skill level 5 in Throwing
  9176 | D:7      | Reached skill level 5 in Armour
  9176 | D:7      | Reached skill level 5 in Stealth
  9176 | D:7      | Reached skill level 5 in Unarmed Combat
  9439 | D:8      | Killed a two-headed ogre
  9687 | D:8      | Reached skill level 5 in Fire Magic
  9687 | D:8      | Reached skill level 5 in Ice Magic
  9697 | D:8      | Killed Grum
 10208 | D:9      | Found a shimmering altar of Xom.
 10238 | D:8      | Reached *** piety under Cheibriados
 10548 | D:9      | Found an iron altar of Okawaru.
 10967 | D:9      | Reached XP level 11. HP: 66/84 MP: 20/20
 11173 | D:9      | Reached **** piety under Cheibriados
 11397 | D:10     | Entered Level 10 of the Dungeon
 11539 | D:10     | Reached skill level 5 in Conjurations
 11539 | D:10     | Reached skill level 5 in Hexes
 11539 | D:10     | Reached skill level 5 in Charms
 11539 | D:10     | Reached skill level 5 in Summonings
 11539 | D:10     | Reached skill level 5 in Necromancy
 11539 | D:10     | Reached skill level 5 in Translocations
 11539 | D:10     | Reached skill level 5 in Transmutations
 11539 | D:10     | Reached skill level 5 in Air Magic
 11539 | D:10     | Reached skill level 5 in Earth Magic
 11539 | D:10     | Reached skill level 5 in Poison Magic
 11994 | D:10     | Reached ***** piety under Cheibriados
 12276 | D:11     | Found a staircase to the Lair.
 12382 | D:11     | Noticed a red ugly thing
 12401 | D:11     | Killed a red ugly thing
 12530 | D:11     | Noticed a two-headed ogre
 12545 | D:11     | Slain by a two-headed ogre

Skill      XL: |  1  2  3  4  5  6  7  8  9 10 11 |
---------------+----------------------------------+-----
Fire Magic     | 2 3 4 5 |  5.9
Ice Magic      | 2 3 4 5 |  5.9
Invocations    | 1 2 3 4 5 6 7 |  7.2
Short Blades   | 1 2 3 4 5 6 |  6.6
Long Blades    | 1 2 3 4 5 6 |  6.6
Axes           | 1 2 3 4 5 6 |  6.6
Maces & Flails | 1 2 3 4 5 6 |  6.6
Polearms       | 1 2 3 4 5 6 |  6.6
Slings         | 1 2 3 4 5 6 |  6.6
Bows           | 1 2 3 4 5 6 |  6.6
Crossbows      | 1 2 3 4 5 6 |  6.6
Throwing       | 1 2 3 4 5 6 |  6.6
Armour         | 1 2 3 4 5 6 |  6.6
Stealth        | 1 2 3 4 5 6 |  6.6
Unarmed Combat | 1 2 3 4 5 6 |  6.6
Spellcasting   | 3 4 5 6 7 |  7.2
Conjurations   | 1 2 3 4 5 |  5.4
Hexes          | 1 2 3 4 5 |  5.4
Charms         | 1 2 3 4 5 |  5.4
Summonings     | 1 2 3 4 5 |  5.4
Necromancy     | 1 2 3 4 5 |  5.4
Translocations | 1 2 3 4 5 |  5.4
Transmutations | 1 2 3 4 5 |  5.4
Air Magic      | 1 2 3 4 5 |  5.4
Earth Magic    | 1 2 3 4 5 |  5.4
Poison Magic   | 1 2 3 4 5 |  5.4
Dodging        | 3 4 5 6 7 |  7.1
Shields        | 3 4 5 6 7 |  7.1
Evocations     | 3 4 5 6 7 |  7.1
Fighting       | 5 6 7 8 |  8.1
Staves         | 5 6 7 8 |  8.1

Action                   |  1- 3 |  4- 6 |  7- 9 | 10-12 || total
-------------------------+-------+-------+-------+-------++-------
Melee: Club              |     8 |       |       |       ||     8
       Mace              |    39 |    52 |       |       ||    91
       Bite              |     3 |     9 |    38 |   101 ||   151
       Quarterstaff      |       |    59 |   306 |   565 ||   930
 Fire: Hunting sling     |       |       |     7 |     8 ||    15
 Cast: Sting             |    22 |    81 |    93 |    44 ||   240
       Confuse           |       |       |     8 |       ||     8
       Gell's Gravitas   |       |       |     2 |     4 ||     6
Evoke: Wand              |       |       |     3 |     8 ||    11
  Use: Scroll            |       |       |     8 |     1 ||     9
       Potion            |       |       |     1 |     5 ||     6
 Stab: Sleeping          |     1 |     3 |    12 |     9 ||    25
       Paralysed         |       |     3 |       |       ||     3
       Confused          |       |       |     3 |       ||     3
  Eat: Chunk             |     1 |     9 |    13 |     5 ||    28
       Ration            |       |       |     1 |     1 ||     2
Armor: Robe              |    11 |    30 |       |       ||    41
       Leather armour    |       |    13 |   128 |   203 ||   344
       Steam dragon scal |       |       |       |    69 ||    69
Dodge: Dodged            |    35 |   113 |   231 |   774 ||  1153
